 Dungeon Crawl Stone Soup version 0.30-a0-169-g06f667207d (webtiles) character file.

Game seed: 13611333997601524723

17912 Decritt the Fighter (level 12, -4/98 HPs)
             Began as a Djinni Conjurer on Sept 30, 2022.
             Was an Elder of Makhleb.
             Slain by a polar bear (21 damage)
             ... on level 1 of the Lair of Beasts.
             The game lasted 01:03:29 (21811 turns).

Decritt the Fighter (Djinni Conjurer)              Turns: 21811, Time: 01:03:30

Health: -4/98      AC:  7    Str:  6    XL:     12   Next: 88%
Gold:   447        EV: 15    Int: 27    God:    Makhleb [****..] SH:  5 Dex: 14

rFire   + + +      SeeInvis .    u - +6 dagger of Bread {flame, rElec rC+ Will++}
rCold   + . .      Faith    .    L - +0 buckler
rNeg    . . .      Spirit   .    O - +0 troll leather armour
rPois   ∞          Reflect  .    v - +1 hat
rElec   +          Harm     .    D - scarf {rC+ rF+}
rCorr   .          Rampage  .    j - +0 pair of gloves
Will    +++..                    (boots unavailable)
Stlth   ++........               e - amulet of regeneration
HPRegen 1.86/turn                G - ring "Waung" {Fire rElec Int+4}
MPRegen 0.00/turn                n - ring of protection from cold

@: flying
A: sickness immunity, fire resistance 2, cold vulnerability 1, float, innate
caster, HP casting, extra vitality 1
a: Renounce Religion, Minor Destruction, Lesser Servant of Makhleb, Major
Destruction


You were on level 1 of the Lair of Beasts.
You worshipped Makhleb.
Makhleb was greatly pleased with you.
You visited 3 branches of the dungeon, and saw 15 of its levels.
You also visited: Sewer.

You collected 643 gold pieces.
You spent 196 gold pieces at shops.

Inventory:

Hand Weapons
 u - the +6 dagger of Bread (weapon) {flame, rElec rC+ Will++}
   (You found it on level 2 of the Dungeon)

   It burns those it strikes, dealing additional fire damage.
   rC:        It protects you from cold.
   rElec:     It insulates you from electricity.
   Will:      It greatly increases your willpower.
Missiles
 M - 3 throwing nets
Armour
 j - a +0 pair of gloves (worn)
 s - a +2 kite shield
 v - a +1 hat (worn)
 C - a +1 robe of the Archmagi
 D - a scarf of resistance (worn)
 F - +0 acid dragon scales
 J - a +1 cloak of willpower
 L - a +0 buckler (worn)
 O - a +0 troll leather armour (worn)
Jewellery
 e - an amulet of regeneration (around neck)
 n - a ring of protection from cold (right hand)
 z - a +6 ring of dexterity
 G - the ring "Waung" (left hand) {Fire rElec Int+4}
   (You acquired it on level 7 of the Dungeon)

   [ring of fire]

   It enhances your fire magic.
   Int:       It affects your intelligence (+4).
   rF:        It protects you from fire.
   rC:        It makes you vulnerable to cold.
   rElec:     It insulates you from electricity.
 K - a +6 ring of strength
Wands
 a - a wand of flame (56)
 y - a wand of mindburst (17)
 H - a wand of polymorph (9)
 N - a wand of paralysis (3)
Scrolls
 c - 5 scrolls of blinking
 d - 4 scrolls of teleportation
 i - a scroll of vulnerability
 m - a scroll of enchant weapon
 x - 5 scrolls of poison
 A - 2 scrolls of butterflies
 E - a scroll of acquirement
Potions
 f - a potion of ambrosia {unknown}
 g - 5 potions of curing
 h - 3 potions of haste
 k - 2 potions of mutation
 l - 3 potions of heal wounds
 p - 2 potions of cancellation {unknown}
 t - 3 potions of degeneration {unknown}
 I - 2 potions of berserk rage


   Skills:
 * Level 13.5 Fighting
 * Level 4.7 Armour
 + Level 9.7 Dodging
 - Level 1.5 Stealth
 + Level 5.8 Shields
 * Level 8.3 Spellcasting


You couldn't memorise any spells.
You knew the following spells:

 Your Spells              Type           Power      Damage    Failure   Level
a - Magic Dart            Conj           100%       1d8       1%          1
b - Searing Ray           Conj           100%       2d8       1%          2
c - Iskenderun's Mystic   Conj/Tloc      54%        2d12      3%          4
d - Fulminant Prism       Conj/Hex       27%        3d14      3%          4
e - Kiss of Death         Conj/Necr      100%       2d13      1%          1
f - Dazzling Flash        Conj/Hex       100%       N/A       1%          3
g - Yara's Violent Unrav  Hex/Tmut       27%        3d12      9%          5
h - Wereblood             Tmut           54%        N/A       1%          2
i - Frozen Ramparts       Ice            100%       1d16      1%          3
p - Passwall              Tmut/Erth      45%        N/A       1%          2
Your spell library was empty.

Dungeon Overview and Level Annotations

Branches:
Dungeon (12/15)            Temple (0/1) D:4            Lair (2/5) D:11
    Orc (1/2) D:11          Sewer (visited)
  Swamp: Lair:2-3    Shoals: Lair:2-3     Snake: Lair:2-3    Spider: Lair:2-3

Altars:
Cheibriados
Dithmenos
Fedhas
Makhleb
Nemelex Xobeh
Okawaru
Qazlal
Ru
Trog
Uskayaw
Wu Jian

Shops:
D:1 !   D:6 ([   D:7 :   D:8 =   D:10 *

Annotations:
D:4 1 runed translucent door, mn3067's ghost, amateur DjCj
D:11 1 runed translucent door, Caerun's ghost, journeyman DsMo
Lair:1 minotaur


Innate Abilities, Weirdness & Mutations

You are immune to sickness and miasma.
You are immune to poison.
Your flesh is very heat resistant. (rF++)
You are vulnerable to cold. (rC-)
You float through the air rather than walking.
You learn spells naturally, not from books.
Your magical power is your life essence.
You have superior vitality. (+4 MHP)


Message History

Confirm with . or Enter, or press ? or * to list all spells.
Aiming: Magic Dart (safe; 1% risk of failure)
Press: ? - help, Shift-Dir - straight line, f - polar bear
Aim: a polar bear (almost dead, berserk, 100% to hit)
The magic dart hits the polar bear.
The polar bear is almost dead.
You block the polar bear's attack. The polar bear claws you.
The polar bear misses you. The polar bear bites you!!
* * * LOW HITPOINT WARNING * * *
The polar bear closely misses you. You block the polar bear's attack.
Casting: Magic Dart (safe; 1% risk of failure)
Confirm with . or Enter, or press ? or * to list all spells.
Aiming: Searing Ray (safe; 1% risk of failure)
Press: ? - help, Shift-Dir - straight line, f/p - polar bear
Aim: a polar bear (almost dead, berserk, 87% to hit)
The searing ray misses the polar bear. (Press . to maintain the ray.)
* * * LOW HITPOINT WARNING * * *
The polar bear barely misses you. x2
The polar bear claws you but does no damage.
The searing ray hits the polar bear.
The polar bear is almost dead.
* * * LOW HITPOINT WARNING * * *
The polar bear completely misses you. You block the polar bear's attack.
The polar bear claws you but does no damage.
The polar bear closely misses you.
The polar bear claws you but does no damage.
The polar bear claws you.
* * * LOW HITPOINT WARNING * * *
The searing ray hits the polar bear.
The polar bear is almost dead.
* * * LOW HITPOINT WARNING * * *
The polar bear bites you!!
* * * LOW HITPOINT WARNING * * *
The polar bear misses you. The polar bear claws you.
* * * LOW HITPOINT WARNING * * *
You hit the polar bear but do no damage.
The polar bear is almost dead.
The polar bear bites you!!
You die...

##P......##### ######....##
....####.P##.##### ##.#..#
###..............# #.#.##
#.#####.###...#.# #.#.#######
### #.##P.###.# #...#......
#.###.###.# ##.#....####
###.##..##..# #P.#.###..##
##P#.###.###.# ##....##....
#........# #@# #..#.#...##
#.##..#### #h# #.#.#.....#
#.#..## #.# ##........#
#.##.## #.## #..#.#...#
##.##..### ##.P# #>##.##.##
#..##.##.###..## #.##..#.## #
##..#..........# ##.##.##.P# #
#.#######.###.#####...#......
#
##.#######.###..>...........##


You could see a polar bear (berserk).

Vanquished Creatures
  Josephine (D:10)
  Harold (D:10)
  2 two-headed ogres
  A deep elf pyromancer (D:9)
  A manticore (D:12)
  4 kobold demonologists
  2 cane toads (Lair:1)
  2 komodo dragons
  5 trolls
  A polar bear (Lair:1)
  Grinder (Sewer)
  3 blink frogs (Lair:1)
  3 wraiths (D:11)
  3 vampires
  3 wyverns
  A basilisk (Lair:1)
  Grum (D:10)
  22 yaks
  Menkaure (D:5)
  A steam dragon (D:6)
  2 acid dragons
  6 water moccasins
  3 orc warriors
  A sky beast (D:6)
  A black bear (D:7)
  An ice beast (D:8)
  2 ogres
  4 centaurs
  8 wolves
  4 kobold brigands
  6 bullfrogs
  2 scorpions
  5 wights (D:9)
  9 killer bees
  7 howler monkeys
  3 electric eels (D:9)
  A crimson imp (D:4)
  A quasit (Sewer)
  3 hounds
  5 orc priests
  Crazy Yiuf (D:7)
  2 gnoll boudas
  4 iguanas
  Natasha (D:4)
  11 orc wizards
  15 gnolls
  4 adders
  3 shadow imps
  3 white imps
  5 ufetubi
  An adder zombie (Sewer)
  5 worms
  4 dart slugs
  26 orcs
  8 ball pythons
  5 endoplasms
  3 giant cockroaches
  14 goblins
  5 hobgoblins
  14 jackals
  4 quokkas
  7 bats
  4 frilled lizards
  23 kobolds
  2 kobold zombies (Sewer)
  6 rats
  25 fulminant prisms
338 creatures vanquished.

Vanquished Creatures (others)
  An endoplasm (Sewer)
  3 kobold zombies (Sewer)
  121 fulminant prisms
  A fungus (Lair:1)
  24 plants
  2 withered plants (D:11)
152 creatures vanquished.

Grand Total: 490 creatures vanquished

Notes
Turn   | Place    | Note
-------+----------+-------------------------------------------
     0 | D:1      | Decritt the Djinni Conjurer began the quest for the Orb.
     0 | D:1      | Decritt set off with the following spells memorised: Magic
                  | Dart, Searing Ray, Dazzling Flash, Fulminant Prism,
                  | Iskenderun's Mystic Blast.
     0 | D:1      | Reached XP level 1. HP: 15/15 MP: 0/0
   200 | D:1      | Found Unixt's Distillery.
   294 | D:1      | Reached skill level 1 in Fighting
   355 | D:1      | Reached XP level 2. HP: 21/22 MP: 0/0
   878 | D:1      | Found a faded altar of an unknown god.
  1151 | D:2      | Reached XP level 3. HP: 17/28 MP: 0/0
  1151 | D:2      | Learned a level 1 spell: Kiss of Death
  1175 | D:2      | Reached skill level 2 in Fighting
  2011 | D:2      | You are sucked into a shaft and drop 2 floors!
  2104 | D:4      | Found a glowing drain.
  2120 | D:4      | Reached XP level 4. HP: 10/34 MP: 0/0
  2383 | Sewer    | Entered a sewer
  2652 | Sewer    | Reached skill level 3 in Fighting
  2723 | Sewer    | Found a burning altar of Makhleb.
  2723 | Sewer    | Noticed a kobold brigand
  2903 | Sewer    | Killed a kobold brigand
  2904 | Sewer    | Reached XP level 5. HP: 22/41 MP: 0/0
  2904 | Sewer    | Learned a level 2 spell: Passwall
  3246 | Sewer    | Reached skill level 4 in Fighting
  3251 | Sewer    | Became a worshipper of Makhleb the Destroyer
  3402 | Sewer    | Noticed a kobold brigand
  3409 | Sewer    | Killed a kobold brigand
  3410 | Sewer    | Reached XP level 6. HP: 22/48 MP: 0/0
  3730 | Sewer    | Noticed Grinder
  3746 | Sewer    | Paralysed by Grinder for 3 turns
  3750 | Sewer    | Killed Grinder
  3751 | Sewer    | Reached skill level 5 in Fighting
  3751 | Sewer    | Reached XP level 7. HP: 5/55 MP: 0/0
  3751 | Sewer    | Learned a level 2 spell: Wereblood
  4619 | D:2      | Identified the +6 dagger of Bread {flame, rElec rC+ Will++}
  5054 | D:3      | Reached skill level 6 in Fighting
  5675 | D:3      | Reached XP level 8. HP: 42/62 MP: 0/0
  6117 | D:3      | Found a burning altar of Makhleb.
  6129 | D:3      | Reached * piety under Makhleb
  6753 | D:4      | Reached skill level 5 in Spellcasting
  6870 | D:4      | Reached skill level 7 in Fighting
  6887 | D:4      | Found a staircase to the Ecumenical Temple.
  6957 | D:4      | Found a runed translucent door.
  6959 | D:4      | Noticed Natasha
  6964 | D:4      | Killed Natasha
  7014 | D:4      | Noticed mn3067's ghost (amateur DjCj)
  7082 | D:5      | Entered Level 5 of the Dungeon
  7353 | D:5      | Found a stormy altar of Qazlal.
  7527 | D:5      | Found a blossoming altar of Fedhas.
  7916 | D:5      | Found a hide-covered altar of Uskayaw.
  8147 | D:5      | Noticed Menkaure
  8179 | D:5      | Killed Menkaure
  8494 | D:6      | Found Erut's Antique Armour Shoppe.
  8504 | D:5      | Reached ** piety under Makhleb
  8650 | D:6      | Reached XP level 9. HP: 58/70 MP: 0/0
  8650 | D:6      | Learned a level 3 spell: Frozen Ramparts
  8662 | D:6      | Reached skill level 8 in Fighting
  8961 | D:6      | Bought an embroidered robe for 92 gold pieces
  9157 | D:6      | Found a sparkling altar of Nemelex Xobeh.
  9198 | D:6      | Found an iron altar of Okawaru.
  9303 | D:6      | Found Nakhill's Antique Weapon Emporium.
  9323 | D:6      | Reached skill level 5 in Dodging
 10053 | D:7      | Reached skill level 9 in Fighting
 10545 | D:7      | Identified 2 scrolls of acquirement
 10545 | D:7      | Acquired the ring "Waung" {Fire rElec Int+4}
 10742 | D:7      | Found a shadowy altar of Dithmenos.
 10809 | D:7      | Found Waoty's Book Shop.
 10879 | D:7      | Reached XP level 10. HP: 67/79 MP: 0/0
 10932 | D:7      | Found an ornate altar of the Wu Jian Council.
 11115 | D:7      | Found a runed translucent door.
 11116 | D:7      | Noticed Crazy Yiuf
 11128 | D:7      | Killed Crazy Yiuf
 11797 | D:8      | Reached skill level 10 in Fighting
 11852 | D:8      | Found Hal Rapyoxi's Jewellery Boutique.
 12168 | D:8      | Noticed a kobold demonologist
 12168 | D:8      | Noticed a kobold demonologist
 12168 | D:8      | Noticed a kobold demonologist
 12174 | D:8      | Killed a kobold demonologist
 12177 | D:8      | Killed a kobold demonologist
 12180 | D:8      | Killed a kobold demonologist
 12203 | D:8      | Reached *** piety under Makhleb
 12302 | D:8      | Reached skill level 11 in Fighting
 13071 | D:9      | Noticed a deep elf pyromancer
 13083 | D:9      | Killed a deep elf pyromancer
 13211 | D:8      | Reached skill level 1 in Shields
 13211 | D:8      | Reached XP level 11. HP: 63/87 MP: 0/0
 13211 | D:8      | Learned a level 5 spell: Yara's Violent Unravelling
 15262 | D:9      | Noticed a two-headed ogre
 15282 | D:9      | Killed a two-headed ogre
 15283 | D:9      | Reached skill level 12 in Fighting
 16686 | D:10     | Entered Level 10 of the Dungeon
 16729 | D:10     | Noticed Harold
 16739 | D:10     | Killed Harold
 17033 | D:10     | Found Osmetafi's General Store.
 17252 | D:10     | Bought a potion of heal wounds for 65 gold pieces
 17252 | D:10     | Bought a potion of curing for 39 gold pieces
 17494 | D:10     | Reached **** piety under Makhleb
 17755 | D:10     | Noticed Grum
 17772 | D:10     | Killed Grum
 17891 | D:10     | Reached skill level 1 in Armour
 17891 | D:10     | Reached XP level 12. HP: 72/96 MP: 0/0
 18322 | D:10     | Found a bloodstained altar of Trog.
 18333 | D:10     | Found a sacrificial altar of Ru.
 18419 | D:10     | Found a snail-covered altar of Cheibriados.
 18655 | D:11     | Noticed a two-headed ogre
 18766 | D:10     | Killed a two-headed ogre
 19082 | D:11     | Noticed Josephine
 19109 | D:10     | Killed Josephine
 19110 | D:10     | Reached skill level 13 in Fighting
 19110 | D:10     | Reached skill level 5 in Shields
 19167 | D:11     | Found a staircase to the Lair.
 19324 | D:11     | Found a staircase to the Orcish Mines.
 19415 | D:11     | Found a runed translucent door.
 19415 | D:11     | Noticed Caerun's ghost (journeyman DsMo)
 20032 | D:12     | Noticed a two-headed ogre
 20082 | Orc:1    | Entered Level 1 of the Orcish Mines
 20221 | D:12     | Noticed a boulder beetle
 20289 | Lair:1   | Entered Level 1 of the Lair of Beasts
 21034 | Lair:1   | Found a runed translucent door.
 21635 | Lair:1   | Noticed a minotaur
 21811 | Lair:1   | Slain by a polar bear

Illustrated notes

Levels and vault maps discovered:
D:1:      nzn_arrival_settlement, layout_loops_ring,
          shapermc_ecumenical_altar_mp_highgroup, serial_shops, shop,
          reono_crystal_passage
D:2:      layout_loops_ring, kennysheep_decorative_pillar, roderic_lattice_a
D:3:      layout_basic, general_overflow_altar, minmay_ogre_servants
D:4:      layout_rooms, minmay_temple_entry_nine_rooms, portal_sewer_entry_a,
          ebering_ghost_sewer_d, minmay_fire_ice_demons, uniq_natasha
D:5:      layout_basic, old_standard_altar, lemuel_doored_altar,
          nicolae_qazlal_eye_of_the_storm, uniq_menkaure
D:6:      layout_basic, pf_just_have_faith, okawaru_gym_becter, serial_shops,
          nicolae_stop_n_shop_2, nicolae_shop_hallway_stairs,
          minmay_misc_feat_encased, nicolae_wand_duel, skrybe_limestone_x
D:7:      layout_basic, mainiacjoe_overflow_surrounded_room,
          pdpol_wu_jian_five_deadly_venoms, serial_shops, shop_fountains,
          uniq_crazy_yiuf_cottage
D:8:      layout_basic, kiku_gazebo_pond_becter, serial_shops,
          nicolae_shop_hallway_stairs
D:9:      layout_basic, serial_bayou, serial_bayou_pond_a, serial_bayou_pond_d,
          serial_bayou_lagoon_b, serial_bayou_pond_b, serial_bayou_pond_d,
          serial_bayou_lake_a
D:10:     layout_irregular_city, nicolae_ru_awakened_eye,
          trog_three_pillars_becter, cheibrodos_worm_habitat,
          kennysheep_small_square, uniq_grum, uniq_harold
D:11:     layout_roguey, lair_entry_dummy, orc_0_dummy, gauntlet_entry_generic,
          gammafunk_ghost_grave, uniq_josephine
D:12:     layout_small_grid, serial_shops, shop, minivault_16
Lair:1:   dreamdust_labyrinth, layout_loops_ring
Lair:2:   dpeg_oklob_shooting_range, layout_misc_corridors, swamp_mist_pool,
          guppyfry_snake_entry_garden, infiniplex_staircase_pool,
          serial_bayou_shore_b, lemuel_fruit_fields
Orc:1:    layout_caves, basic_altar

Skill      XL: |  1  2  3  4  5  6  7  8  9 10 11 12 |
---------------+-------------------------------------+-----
Fighting       | 1 2 3 4 5 6 7 9 11 12 13 | 13.5
Spellcasting   | 4 5 6 7 8 |  8.3
Dodging        | 4 6 7 9 |  9.7
Shields        | 1 4 5 |  5.8
Armour         | 1 4 |  4.7
Stealth        | |  1.5

Action                   |  1- 3 |  4- 6 |  7- 9 | 10-12 || total
-------------------------+-------+-------+-------+-------++-------
Melee: Spear             |     4 |       |       |       ||     4
       Dagger            |     3 |     5 |    71 |   109 ||   188
       Punch             |       |       |     1 |       ||     1
 Cast: Magic Dart        |    55 |    52 |   168 |   156 ||   431
       Searing Ray       |     3 |     5 |    29 |    68 ||   105
       Fulminant Prism   |       |     9 |    25 |   113 ||   147
       Kiss of Death     |       |       |     1 |     1 ||     2
       Yara's Violent Un |       |       |       |     1 ||     1
       Passwall          |       |       |       |     2 ||     2
  Use: Scroll            |       |       |     8 |    19 ||    27
       Potion            |       |       |       |     7 ||     7
Armor: Robe              |     5 |     8 |    39 |    23 ||    75
       Troll leather arm |       |       |       |    89 ||    89
Dodge: Dodged            |    23 |    37 |   119 |   275 ||   454
Block: Buckler           |       |       |       |    81 ||    81

Table legend: (Time is in decaauts)
 A = Elapsed time spent in this place.
 B = Non-inter-level travel time spent in this place.
 C = Inter-level travel time spent in this place.
 D = Time resting spent in this place.
 E = Time spent auto-exploring this place.
 F = Levels seen in this place.
 G = Mean time per level.
                   A        B        C        D        E       F      G
               +--------+--------+--------+--------+--------+-----+--------+
         Total |  21817 |  21229 |    588 |   9134 |   9105 |  16 | 1363.6 |
       Dungeon |  18383 |  17796 |    587 |   7642 |   7793 |  12 | 1531.9 |
          Lair |   1524 |   1524 |      0 |    347 |    841 |   2 |  762.0 |
  Orcish Mines |    103 |    103 |      0 |    100 |      0 |   1 |  103.0 |
         Sewer |   1806 |   1806 |      0 |   1045 |    471 |   1 | 1806.0 |
               +--------+--------+--------+--------+--------+-----+--------+

Top non-repeatable levels by time:
     D:8: 3506 daAuts
     D:9: 2004 daAuts
    D:10: 1976 daAuts
     D:5: 1919 daAuts
   Sewer: 1806 daAuts
     D:2: 1643 daAuts
     D:3: 1589 daAuts
  Lair:1: 1511 daAuts
     D:6: 1505 daAuts
    D:11: 1101 daAuts
     D:4: 1046 daAuts
     D:1: 994 daAuts
     D:7: 874 daAuts
    D:12: 220 daAuts
   Orc:1: 103 daAuts
